Map: Террасы Приона

Players

NextRim - Winner!

  • Race: Protoss Protoss
  • League: Diamond

ReGbA

  • Race: Protoss Protoss
  • League: Diamond

VOD

Have the link to the VOD?

Description

Time

  • Played on: Nov. 12, 2015, 1:38 p.m.
  • Length: 18:38
Show
View Real Time Build Order
Export as new Build Order

NextRim Protoss - Winner!

Build Orders:  

Get SALT Encoding   

  12  0:01  Probe (Chrono Boost)  
  13  0:11  Probe (Chrono Boost)  
  14  0:20  Pylon  
  14  0:23  Probe (Chrono Boost)  
  15  0:39  Probe (Chrono Boost)  
  15  0:42  Gateway  
  16  0:49  Probe (Chrono Boost)  
  17  0:57  Assimilator  
  17  1:00  Probe (Chrono Boost), Assimilator  
  18  1:12  Gateway  
  18  1:19  Probe (Chrono Boost)  
  19  1:30  Probe (Chrono Boost)  
  19  1:31  Cybernetics Core  
  20  1:35  Pylon  
  20  1:40  Probe (Chrono Boost)  
  21  1:51  Probe (Chrono Boost)  
  22  2:01  Probe (Chrono Boost)  
  23  2:10  Adept x2  
  23  2:11  Warp Gate (Chrono Boost)  
  23  2:15  Mothership Core  
  29  2:17  Pylon  
  29  2:37  Adept x2  
  33  2:56  Nexus  
  33  3:00  Probe (Chrono Boost)  
  34  3:29  Probe (Chrono Boost)  
  35  3:40  Probe (Chrono Boost), Pylon, Robotics Facility  
  36  3:51  Probe (Chrono Boost), Forge  
  37  4:01  Probe (Chrono Boost)  
  32  4:11  Probe (Chrono Boost)  
  32  4:12  Probe (Chrono Boost)  
  32  4:16  Protoss Ground Weapons Level 1  
  32  4:20  Twilight Council  
  32  4:21  Gateway x2, Probe (Chrono Boost)  
  33  4:24  Pylon  
  34  4:31  Probe (Chrono Boost)  
  34  4:32  Observer  
  34  4:37  Probe (Chrono Boost)  
  36  4:42  Probe (Chrono Boost)  
  37  4:45  Pylon  
  37  4:48  Probe (Chrono Boost)  
  37  4:49  Pylon  
  38  4:56  Blink (Chrono Boost)  
  38  4:59  Probe  
  40  5:00  Probe  
  40  5:07  Immortal  
  40  5:11  Probe  
  40  5:12  Probe  
  46  5:17  Assimilator  
  46  5:21  Assimilator  
  46  5:24  Probe x2  
  48  5:29  Stalker x2  
  48  5:35  Pylon  
  51  5:43  Probe x2  
  51  5:48  Immortal  
  57  5:55  Probe x2  
  59  6:02  Stalker x2  
  63  6:04  Stalker  
  63  6:07  Probe x2  
  63  6:08  Stalker  
  69  6:14  Protoss Ground Weapons Level 2  
  69  6:15  Pylon  
  69  6:17  Pylon  
  69  6:19  Pylon  
  69  6:34  Immortal  
  73  6:43  Pylon  
  73  6:53  Stalker x4  
  79  7:08  Nexus  
  79  7:13  Observer  
  80  7:16  Probe  
  80  7:17  Probe  
  82  7:28  Gateway x2  
  82  7:29  Probe x2  
  84  7:33  Gateway  
  84  7:39  Adept x4  
  92  7:46  Probe x2  
  95  7:58  Probe x2  
  96  8:10  Probe  
  97  8:12  Protoss Ground Weapons Level 3  
  85  8:27  Stalker  
  85  8:28  Stalker x3  
  91  8:36  Pylon  
  91  8:38  Pylon  
  91  8:39  Pylon  
  91  8:42  Adept x3  
  91  8:43  Probe  
  91  8:44  Probe  
  91  8:45  Probe  
  100  8:51  Adept x4  
  104  9:11  Stalker x2  
  104  9:12  Stalker x5  
  90  9:35  Stalker x5  
  90  9:36  Stalker x2  
  104  9:39  Assimilator  
  104  9:43  Assimilator  
  104  9:44  Pylon  
  104  9:52  Nexus  
  104  9:57  Probe  
  104  9:59  Probe x2  
  107  10:11  Probe  
  106  10:14  Stalker x3  
  106  10:15  Stalker x4  
  106  10:21  Charge (Chrono Boost)  
  116  10:23  Robotics Bay  
  116  10:25  Robotics Facility  
  116  10:38  Pylon  
  116  10:42  Pylon  
  116  10:43  Pylon  
  116  10:52  Stalker x3  
  116  10:53  Stalker  
  116  10:54  Zealot x3  
  130  10:57  Extended Thermal Lance  
  130  11:05  Protoss Ground Armor Level 1 (Chrono Boost)  
  130  11:10  Colossus x2 (Chrono Boost)  
  142  11:24  Zealot  
  142  11:25  Zealot x6  
  152  11:31  Probe x2  
  158  11:40  Probe  
  158  11:41  Probe, Assimilator  
  158  11:43  Probe, Assimilator  
  161  11:51  Colossus x2 (Chrono Boost)  
  173  12:06  Zealot x5  
  173  12:07  Zealot x2  
  183  12:26  Zealot  
  183  12:27  Zealot x5  
  183  12:28  Zealot  
  197  12:39  Gateway  
  197  12:41  Gateway  
  197  12:43  Gateway  
  197  12:45  Gateway  
  197  13:20  Protoss Ground Armor Level 2 (Chrono Boost)  
  185  13:35  Colossus x2  
  185  13:55  Templar Archives  
  185  14:13  Zealot x4  
  185  14:21  Colossus  
  185  14:22  Colossus  
  185  14:23  Zealot x4  
  185  14:24  Zealot x3  
  141  14:37  Zealot  
  141  14:38  Zealot x3  
  131  14:45  Mothership Core  
  127  14:47  Zealot x2  
  127  14:48  Zealot x5  
  137  14:54  Photon Cannon  
  137  14:57  Photon Cannon  
  137  15:07  High Templar x3  
  137  15:08  Colossus x2, High Templar x6  
  137  15:09  High Templar x2  
  137  15:11  Archon  
  137  15:12  Archon x3  
  137  15:13  Archon  
  171  15:25  Nexus  
  171  15:26  Pylon  
  171  15:28  Pylon  
  171  15:38  Protoss Ground Armor Level 3 (Chrono Boost)  
  171  15:46  Photon Cannon  
  171  15:47  Photon Cannon  
  171  15:49  Nexus  
  169  15:50  Pylon  
  169  15:51  Pylon  
  169  15:52  Photon Cannon  
  169  15:53  Zealot  
  169  15:54  Zealot x7, Photon Cannon  
  169  15:55  Zealot x3  
  190  15:57  Photon Cannon  
  190  16:19  Zealot x5  
  200  16:31  Assimilator  
  200  16:33  Dark Shrine  
  200  16:36  Assimilator  
  154  16:57  High Templar x5  
  154  16:58  High Templar x5  
  155  17:14  Observer  
  155  17:15  Observer  
  155  17:21  Archon x2  
  155  17:22  Archon x2  
  157  17:23  Archon  
  157  17:29  Zealot  
  159  17:30  Zealot x4  
  159  17:31  Zealot x3  
  159  17:32  Zealot x3  
  169  17:52  Zealot x4  
  169  17:53  Zealot x6  
  169  17:54  Zealot  
  191  18:14  High Templar x2  
  191  18:15  High Templar x2  
  191  18:18  Archon x2  
Show
View Real Time Build Order
Export as new Build Order

ReGbA Protoss 

Build Orders:  

Get SALT Encoding   

  12  0:04  Probe (Chrono Boost)  
  13  0:13  Pylon  
  13  0:18  Probe (Chrono Boost)  
  14  0:29  Probe (Chrono Boost)  
  14  0:35  Gateway  
  15  0:39  Probe (Chrono Boost)  
  16  0:50  Probe (Chrono Boost)  
  16  0:55  Assimilator  
  17  0:57  Pylon  
  17  1:00  Probe (Chrono Boost)  
  17  1:02  Assimilator  
  19  1:11  Probe (Chrono Boost)  
  19  1:22  Cybernetics Core, Probe (Chrono Boost)  
  20  1:32  Probe (Chrono Boost)  
  21  1:43  Probe (Chrono Boost)  
  21  1:44  Gateway  
  22  1:53  Probe (Chrono Boost)  
  23  1:59  Pylon  
  23  2:01  Warp Gate (Chrono Boost)  
  23  2:04  Mothership Core (Chrono Boost)  
  25  2:30  Nexus  
  25  2:35  Pylon  
  25  2:38  Probe (Chrono Boost)  
  26  2:49  Probe  
  27  2:53  Robotics Facility  
  27  2:57  Sentry  
  29  2:59  Sentry  
  31  3:08  Pylon  
  31  3:09  Probe  
  29  3:25  Probe  
  29  3:37  Probe  
  29  3:41  Observer (Chrono Boost)  
  31  3:42  Probe  
  32  3:49  Probe  
  32  3:53  Probe  
  34  4:02  Probe  
  34  4:03  Probe  
  34  4:05  Stalker x2  
  37  4:14  Immortal (Chrono Boost)  
  37  4:16  Probe  
  42  4:18  Probe  
  43  4:28  Probe (Chrono Boost)  
  43  4:29  Sentry  
  43  4:30  Zealot  
  48  4:32  Probe (Chrono Boost)  
  49  4:40  Probe (Chrono Boost)  
  49  4:43  Probe (Chrono Boost)  
  51  4:49  Immortal  
  51  4:51  Probe (Chrono Boost)  
  56  4:54  Probe (Chrono Boost)  
  57  5:02  Probe (Chrono Boost)  
  57  5:03  Forge  
  57  5:04  Probe (Chrono Boost)  
  59  5:10  Assimilator  
  59  5:12  Pylon  
  59  5:13  Probe (Chrono Boost)  
  60  5:15  Probe (Chrono Boost)  
  61  5:23  Probe (Chrono Boost)  
  61  5:25  Probe (Chrono Boost)  
  61  5:26  Robotics Bay  
  63  5:34  Probe (Chrono Boost)  
  64  5:39  Probe (Chrono Boost)  
  65  5:44  Probe (Chrono Boost)  
  65  5:45  Assimilator  
  65  5:47  Protoss Ground Weapons Level 1 (Chrono Boost)  
  65  5:49  Twilight Council, Probe  
  67  5:59  Nexus  
  67  6:02  Pylon  
  67  6:06  Probe  
  67  6:07  Probe  
  67  6:11  Pylon  
  69  6:16  Probe  
  69  6:17  Pylon  
  70  6:19  Probe  
  70  6:21  Immortal (Chrono Boost)  
  71  6:29  Blink (Chrono Boost)  
  75  6:36  Photon Cannon  
  75  6:37  Probe  
  76  6:41  Stalker  
  76  6:44  Stalker  
  80  6:55  Gateway, Disruptor  
  80  6:58  Gateway  
  85  7:01  Probe x2  
  85  7:08  Photon Cannon  
  85  7:13  Probe x2  
  87  7:19  Stalker  
  89  7:23  Probe  
  89  7:25  Probe x2  
  89  7:26  Disruptor  
  92  7:30  Stalker  
  92  7:33  Probe  
  98  7:37  Probe  
  99  7:44  Gateway  
  99  7:45  Gateway  
  99  7:47  Protoss Ground Weapons Level 2 (Chrono Boost)  
  99  7:52  Stalker  
  99  7:53  Stalker  
  99  7:54  Probe  
  99  7:57  Disruptor  
  104  8:04  Assimilator  
  104  8:05  Probe  
  108  8:07  Assimilator  
  108  8:26  Stalker x4  
  113  8:31  Immortal  
  117  8:51  Extended Thermal Lance  
  117  8:53  Dark Shrine  
  117  8:55  Nexus  
  117  8:58  Pylon  
  117  9:12  Immortal  
  117  9:16  Probe x2  
  83  9:36  Stalker x3  
  83  9:37  Stalker x3  
  85  9:47  Charge  
  85  9:50  Immortal  
  89  9:55  Protoss Ground Weapons Level 3 (Chrono Boost)  
  89  10:04  Pylon  
  89  10:05  Stalker x5  
  89  10:06  Stalker  
  101  10:12  Mothership Core  
  101  10:25  Photon Cannon x2  
  101  10:28  Assimilator  
  101  10:30  Stalker x2  
  101  10:31  Stalker x4, Immortal, Assimilator  
  117  10:57  Stalker x6  
  129  11:09  Probe x4, Disruptor  
  136  11:21  Probe x2, Photon Cannon  
  136  11:22  Sentry, Zealot  
  136  11:23  Zealot x3  
  148  11:27  Pylon  
  148  11:28  Pylon  
  148  11:31  Pylon  
  148  11:34  Robotics Facility  
  148  11:38  Photon Cannon  
  148  11:40  Photon Cannon  
  148  11:43  Photon Cannon  
  148  11:46  Pylon  
  148  11:51  Zealot x4  
  156  11:54  Templar Archives  
  156  11:55  Nexus  
  156  11:56  Pylon  
  156  12:00  Zealot x2  
  160  12:01  Colossus  
  156  12:13  Dark Templar  
  156  12:14  Dark Templar x2  
  156  12:15  Dark Templar  
  170  12:17  Protoss Shields Level 1 (Chrono Boost)  
  170  12:21  Colossus  
  176  12:22  Archon  
  176  12:23  Archon  
  176  12:26  Photon Cannon  
  176  12:27  Photon Cannon  
  176  12:52  Dark Templar x2  
  176  12:54  Zealot x4  
  176  12:57  Pylon  
  188  12:59  Colossus  
  188  13:00  Pylon  
  188  13:02  Archon  
  194  13:15  Disruptor  
  194  13:19  Dark Templar  
  199  13:20  Photon Cannon  
  199  13:22  Photon Cannon  
  199  13:32  Dark Templar x2  
  197  13:46  Archon  
  197  13:50  Pylon  
  197  13:51  Observer  
  197  13:52  Psionic Storm  
  198  14:01  Pylon  
  198  14:03  Pylon  
  198  14:08  Pylon  
  198  14:15  Pylon  
  148  14:24  Pylon  
  126  14:34  Colossus (Chrono Boost)  
  110  14:40  Colossus (Chrono Boost)  
  114  14:51  High Templar x2  
  114  14:52  High Templar x4  
  123  14:54  Protoss Shields Level 2 (Chrono Boost)  
  123  14:58  Assimilator  
  123  14:59  Archon  
  123  15:00  Archon x2  
  123  15:01  Mothership Core  
  123  15:02  Assimilator  
  125  15:10  Gateway  
  125  15:13  Gateway  
  125  15:16  Gateway  
  125  15:27  Colossus (Chrono Boost)  
  129  15:29  Dark Templar x4  
  129  15:31  Stalker  
  129  15:32  Zealot  
  129  15:33  Colossus (Chrono Boost)  
  147  15:57  Archon x2  
  147  15:59  Zealot x2  
  147  16:02  Dark Templar  
  147  16:03  Zealot x2  
  157  16:05  Zealot  
  157  16:07  Archon  
  159  16:14  Colossus (Chrono Boost)  
  165  16:20  Colossus (Chrono Boost)  
  171  16:26  Nexus  
  171  16:28  Pylon  
  171  16:34  Probe x3  
  171  16:37  Dark Templar x4  
  156  16:49  Zealot x2  
  156  16:50  Zealot x3  
  92  17:12  Stalker x5  
  92  17:13  Stalker x3  
  92  17:14  Stalker  
  110  17:17  Immortal x2 (Chrono Boost)  
  118  17:35  Zealot  
  118  17:36  Zealot x4  
  121  17:46  Sentry, Zealot  
  121  17:47  Zealot  
  121  17:50  Dark Templar  
  121  17:51  Immortal x2 (Chrono Boost)  
  124  18:13  Archon x2  
  124  18:14  Zealot x3  
  124  18:15  Zealot  
Tags
 
Add a new tag
Caveats
  • Supply blocks, unpowered buildings, or Contaminate may cause inaccurate times.
  • Supply counts are checked every 10 seconds.